[Event "GRENKE Chess Classic 2024"]
[Site "Karlsruhe"]
[Date "2024.03.30"]
[Round "8.1"]
[White "Fridman, Daniel"]
[Black "Vachier-Lagrave, Maxime"]
[Result "1/2-1/2"]
[ECO "D79"]
[WhiteElo "2590"]
[BlackElo "2728"]
[Annotator "TA"]
[PlyCount "62"]
[EventDate "2024.03.26"]
[EventType "tourn"]
[EventCountry "GER"]
[SourceTitle "playchess.com"]
[Source "ChessBase"]
[SourceQuality "1"]
[TimeControl "2700+10"]

1. d4 Nf6 2. Nf3 g6 3. g3 Bg7 4. Bg2 d5 5. c4 c6 6. cxd5 cxd5 7. O-O O-O 8. Ne5 Nc6 9. Nc3 Bf5 10. Nxc6 bxc6 11. Bf4 Nh5 12. Bg5 h6 13. Be3 c5 14. h3 {[%emt 0:01:38] g4 is the strong threat.} (14. dxc5 d4 15. Qa4 (15. Bxa8 Qxa8 16. f3 dxc3 $19) 15... dxe3 $15 (15... dxc3 16. Rad1 $17)) (14. Bxd5 cxd4 15. Bxd4 Bxd4 16. Qxd4 e6 $16) 14... Be6 ({Better is} 14... Rc8 $11) 15. g4 $14 (15. dxc5 $2 d4 16. Bxh6 (16. Bxa8 $2 Qxa8 17. g4 dxc3 $19) 16... Bxh6 $19) 15... cxd4 16. Bxd4 Nf6 17. Rb1 Rc8 18. Bxf6 Bxf6 19. Nxd5 Qa5 20. a4 Bxd5 {[%emt 0:03:46] A strong pair of Bishops.} 21. b4 Bxg2 $2 (21... Qa6 $11 22. Bxd5 (22. Qxd5 Qxa4 23. Be4 Rc3 $15) 22... Rfd8) 22. bxa5 $18 Bxh3 {[%emt 0:00:02] [#]} 23. Rb4 {[%emt 0:08:07] Prevents Rc4.} Rfd8 {[%emt 0:00:43] [#]} 24. Rc4 $3 Rb8 25. Qc1 Bxf1 26. Kxf1 ({Of course not} 26. Qxf1 $6 Rb2 $11) 26... Kg7 27. e3 $1 Rb2 28. Rc2 {[%emt 0:00:02] Wards off Rd2} Rb4 {[%emt 0:00:01] [#]} (28... Rbb8 29. a6 Rd6) 29. Rc4 $2 (29. Rc8 $1 $18 Rxc8 30. Qxc8) 29... Rb2 $11 30. Rc2 {[%emt 0:00:01][%mdl 8192] Inhibits Rd2.} (30. Rf4 $11) 30... Rb4 $18 {[%emt 0:00:01] [#]} 31. Rc4 $2 (31. Rc8 $1 $18 Rxc8 32. Qxc8) 31... Rb2 {Weighted Error Value: White=0.63/Black=0.34.  Loses game:     	---       	Black=1      Missed win:     	White=2     	---        Mistake:       	White=2     	Black=2      Inaccurate:     	White=1     	Black=1      OK:         	White=9     	Black=8      Best:        	White=1     	Black=4} 1/2-1/2

[Event "GRENKE Chess Classic 2024"]
[Site "Karlsruhe"]
[Date "2024.03.30"]
[Round "8.2"]
[White "Ding, Liren"]
[Black "Carlsen, Magnus"]
[Result "1/2-1/2"]
[ECO "E11"]
[WhiteElo "2762"]
[BlackElo "2830"]
[Annotator "TA"]
[PlyCount "72"]
[EventDate "2024.03.26"]
[EventType "tourn"]
[EventCountry "GER"]
[SourceTitle "playchess.com"]
[Source "ChessBase"]
[SourceQuality "1"]
[TimeControl "2700+10"]

1. d4 Nf6 2. c4 e6 3. Nf3 Bb4+ 4. Bd2 Bxd2+ 5. Qxd2 d5 6. e3 O-O 7. Be2 b6 8. O-O Bb7 9. cxd5 Nxd5 10. Nc3 Nd7 11. Nxd5 Bxd5 12. b4 a5 13. b5 {[%emt 0:02:41] White is slightly better.} Rc8 14. Rfc1 c5 15. bxc6 Rxc6 16. Rxc6 Bxc6 17. Rc1 {[%emt 0:00:21] The position is equal.} Qa8 18. Ne1 Rc8 19. Bf3 Bxf3 20. Nxf3 h6 21. h3 Rc6 22. Qb2 b5 23. Rxc6 Qxc6 $11 {[%emt 0:00:03][%mdl 4096] Endgame. KQN-KQN} 24. Qa3 a4 25. Qe7 f6 26. Ne1 Nf8 {[%emt 0:07:39] [#] Strongly threatening ...Qc3.} 27. Nd3 Qc4 28. Nb4 Qc1+ 29. Kh2 Qd2 30. Nc6 {Hoping for Nd8.} Qxf2 31. Qe8 {[%emt 0:00:45] [#] Threatening mate with Ne7+.} Qxe3 32. Ne7+ Kh7 33. Qxf8 Qf4+ 34. Kh1 Qf1+ 35. Kh2 Qf4+ 36. Kh1 Qf1+ {[%emt 0:00:13] An interesting draw.   Weighted Error Value: White=0.02 (flawless) /Black=0.02 (flawless) .  Inaccurate:     	---       	Black=1      OK:         	White=14    	Black=8      Best:        	White=2     	Black=5} 1/2-1/2

[Event "GRENKE Chess Classic 2024"]
[Site "Karlsruhe"]
[Date "2024.03.30"]
[Round "8.3"]
[White "Keymer, Vincent"]
[Black "Rapport, Richard"]
[Result "0-1"]
[ECO "A67"]
[WhiteElo "2738"]
[BlackElo "2720"]
[Annotator "TA"]
[PlyCount "72"]
[EventDate "2024.03.26"]
[EventType "tourn"]
[EventCountry "GER"]
[SourceTitle "playchess.com"]
[Source "ChessBase"]
[SourceQuality "1"]
[TimeControl "2700+10"]

1. d4 Nf6 2. c4 e6 3. Nc3 c5 4. d5 exd5 5. cxd5 d6 6. e4 g6 7. f4 Bg7 8. Bb5+ Nfd7 9. a4 Na6 10. Nf3 Nb4 11. O-O a6 {[%emt 0:00:01] White has an edge.} 12. Bxd7+ Bxd7 {[%emt 0:00:03] [#]} 13. f5 $1 O-O 14. Bg5 f6 15. Bf4 gxf5 16. Qd2 (16. Nd2 $14 {feels stronger.}) 16... Re8 $11 17. Rae1 c4 (17... fxe4 18. Nxe4 Bxa4 19. Nd4 (19. Bxd6 $2 Rxe4 20. Rxe4 Qxd6 $19) (19. Nxd6 Rxe1 20. Rxe1 Qd7 $11) 19... cxd4 20. Qxb4 $14) 18. exf5 (18. Bxd6 $2 Qb6+ 19. Nd4 Nd3 $19 (19... Qxd6 $2 20. Nxf5 Bxf5 21. exf5 $19)) 18... Rxe1 19. Nxe1 (19. Qxe1 {is more complex.} Nd3 20. Qe3 Bxf5 21. Nd4) 19... Bxf5 20. Bxd6 Qxd6 21. Rxf5 Re8 22. g3 Qd7 23. Rf1 f5 $1 24. d6 b5 (24... Re6 $17 25. Qf4 Qc6 (25... Qxd6 26. Qxc4 Qd4+ 27. Qxd4 $15)) 25. axb5 axb5 26. Ne2 ({White should play} 26. Nd1 $15 Qa7+ 27. Kg2) 26... Re6 $1 $17 {[%emt 0:03:43] Black has more active pieces.} 27. Rxf5 {[%emt 0:03:01][%cal Of5g5] [#]} Rxe2 $1 28. Qxe2 Qxf5 29. Qe8+ Bf8 (29... Qf8 $142 $1 30. Qxb5 Bd4+ (30... Qxd6 31. Qxc4+ Nd5 32. Nd3 $17) 31. Kg2 Qf2+ (31... Qxd6 32. Qxc4+ Kg7 33. Nf3 $17) 32. Kh3 Qf1+ 33. Ng2 Bf6) 30. d7 Nc6 31. d8=Q {Prevents Qd5.} Nxd8 32. Qxd8 b4 33. Qd1 $2 {[%emt 0:02:07][%mdl 8192] Now White is beyond hope.} (33. Kg2 $17) 33... Bc5+ $1 {[%emt 0:00:33] Black mates.} 34. Kg2 {[%emt 0:00:00] [#]} Qf2+ $1 35. Kh3 Qf1+ (35... Qxb2 $2 {too greedy.} 36. Qd5+ Kg7 37. Qg5+ (37. Qxc5 Qb1 $18) 37... Kf7 38. Qxc5 $18) 36. Kg4 {[%emt 0:00:32] [#]} h5+ $1 {[%emt 0:00:01][%mdl 512] Weighted Error Value: White=0.40/Black=0.09 (flawless) .  Loses game:     	White=1     	---        Mistake:       	White=2     	Black=2      Inaccurate:     	White=3     	Black=1      OK:         	White=12    	Black=10     Best:        	White=3     	Black=1      Strong:       	---       	Black=3} 0-1

[Event "GRENKE Chess Classic 2024"]
[Site "Karlsruhe"]
[Date "2024.03.31"]
[Round "9.1"]
[White "Ding, Liren"]
[Black "Fridman, Daniel"]
[Result "1/2-1/2"]
[ECO "D45"]
[WhiteElo "2762"]
[BlackElo "2590"]
[Annotator "TA"]
[PlyCount "104"]
[EventDate "2024.03.26"]
[EventType "tourn"]
[EventCountry "GER"]
[SourceTitle "playchess.com"]
[Source "ChessBase"]
[SourceQuality "1"]
[TimeControl "2700+10"]

1. c4 e6 2. Nc3 d5 3. d4 c6 4. e3 Nf6 5. Nf3 Nbd7 6. Be2 Bd6 7. O-O O-O 8. b3 b6 9. Bb2 Bb7 10. a4 Rc8 {[%emt 0:01:33] [#]} 11. a5 $1 bxa5 12. c5 Bc7 13. Ra4 {[%emt 0:00:43][%mdl 1024] White has compensation.} Rb8 14. Qc2 Qc8 15. Re1 Ba6 16. Bd1 Re8 17. e4 {[%emt 0:00:10] Strongly threatening e5.} e5 {[%emt 0:03:13] And now ...exd4 would win.} 18. exd5 exd4 19. d6 Rxe1+ 20. Nxe1 Qe8 {[%emt 0:00:03][%cal Re8e1] [#]} 21. Ne4 (21. dxc7 $2 Qxe1#) 21... Bd8 (21... Bxd6 $15 22. cxd6 Nxe4 (22... Qxe4 23. Qxe4 Nxe4 24. Rxa5 $15) 23. Rxd4 (23. Qxc6 $2 Nec5 $19) 23... Rb4 (23... Nxd6 24. Nf3 $14)) 22. Rxd4 $14 Rb4 $1 23. Rxb4 axb4 24. Nxf6+ Bxf6 {[%emt 0:00:21] The position is equal.} 25. Nf3 Bxb2 26. Qxb2 Qe4 27. Qd2 {[%emt 0:02:45] Prevents Qd3} Qd3 28. Qxd3 Bxd3 $11 {[%emt 0:00:02][%mdl 4096] Endgame. KBN-KBN} 29. Nd4 Be4 {[%emt 0:00:02][%cal Og8f8] ...Kf8! is the strong threat.} 30. Bf3 $1 Bxf3 (30... Nxc5 $2 {is the wrong capture.} 31. Bxe4 (31. Nxc6 Bxc6 32. Bxc6 Kf8 $17) (31. d7 Nxd7 32. Bxe4 c5 $18) 31... h6 32. Nxc6 $18 (32. Bxc6 Kf8 $18)) 31. gxf3 Nxc5 {[%emt 0:00:13] Hoping for ...Kf8.} 32. Nxc6 {[%emt 0:00:00] KN-KN} Kf8 {[%emt 0:00:04] White must now prevent ...Ke8.} 33. Nxa7 Nxb3 34. Nc6 {[%emt 0:00:01][%cal Od6d7] Against Nd4. d7! would kill now.} Ke8 35. Nxb4 Kd7 36. Kg2 Kxd6 37. f4 Nd4 38. Kg3 Ke6 39. Kg4 g6 40. Nd3 h5+ 41. Kg3 Kf5 42. Ne5 f6 43. Nd7 Ne6 44. Kf3 h4 45. Ke3 Nc7 46. Ke2 Nd5 (46... Kxf4 47. Nxf6 Kf5 48. Nd7) 47. Kf3 h3 48. Kg3 Nxf4 49. f3 g5 50. Nc5 Ke5 51. Nd7+ Kf5 52. Nc5 Ke5 {Weighted Error Value: White=0.03 (flawless) /Black=0.05 (flawless) .  Mistake:       	---       	Black=1      Inaccurate:     	White=3     	---        OK:         	White=23    	Black=20     Best:        	White=4     	---        Strong:       	White=1     	Black=1} 1/2-1/2

[Event "GRENKE Chess Classic 2024"]
[Site "Karlsruhe"]
[Date "2024.03.31"]
[Round "9.2"]
[White "Carlsen, Magnus"]
[Black "Keymer, Vincent"]
[Result "1-0"]
[ECO "E21"]
[WhiteElo "2830"]
[BlackElo "2738"]
[Annotator "TA"]
[PlyCount "145"]
[EventDate "2024.03.26"]
[EventType "tourn"]
[EventCountry "GER"]
[SourceTitle "playchess.com"]
[Source "ChessBase"]
[SourceQuality "1"]
[TimeControl "2700+10"]

1. d4 Nf6 2. c4 e6 3. Nc3 Bb4 4. Nf3 d6 5. g3 Bxc3+ 6. bxc3 b6 7. Nd2 Bb7 8. f3 e5 9. e4 O-O 10. Bd3 Nc6 11. Nb3 Ne7 12. O-O h6 13. Rb1 Ba6 14. f4 Nh7 15. f5 Kh8 16. Na1 Ng8 17. Nc2 g5 18. Ne3 Ngf6 19. Rb2 Re8 20. Qf3 c5 21. d5 Rg8 22. h3 Kg7 23. a4 Bc8 24. Ra2 Bd7 25. Qd1 Rb8 26. Bd2 Rb7 27. Be1 Kf8 28. Rff2 Ke7 29. Rfb2 Qc7 30. g4 a6 31. Qe2 a5 32. Qf3 Qd8 33. Rh2 Qe8 34. Bc2 Qf8 35. Kf1 Kd8 36. Bd1 Kc7 37. Ke2 Rb8 38. Kd2 Qg7 39. Kc1 Rh8 40. Rh1 Rbg8 41. Rah2 Qf8 42. Kb2 Qe8 43. Ka3 Qf8 44. Bd2 Qe8 45. Bc1 Qf8 46. Nf1 Qe7 47. Ng3 Qf8 48. h4 Qg7 49. Qg2 Bc8 ({Better is} 49... gxh4 50. Rxh4 Ng5) 50. hxg5 $16 Nxg5 51. Nh5 Nxh5 52. Rxh5 (52. gxh5 $6 Ba6 $11) 52... f6 {[%emt 0:00:43] [#]} 53. Qh2 $1 Nxe4 54. Bxh6 Qe7 55. Kb2 Bd7 {[%emt 0:00:11] [#]} (55... Ng5 $16) 56. Rh4 $1 $18 Be8 57. Bc2 Rxh6 58. Rxh6 Ng5 59. Rh8 Rxh8 60. Qxh8 e4 61. Qh2 (61. Rh6 $2 e3 62. Rh2 (62. Rxf6 $2 e2 $19) (62. Qxf6 $2 Qxf6 63. Rxf6 e2 $19) 62... e2 $19) 61... Nf3 (61... Nf7 {is a better defense.} 62. Kb3 Bd7) 62. Qf4 Ng5 (62... Ne5 $142 63. Kb3 (63. Bxe4 Bxa4 64. Ka2 Kb7 $18) (63. Qxe4 Qg7 $18) 63... Qd7) 63. Kb3 $18 Bd7 64. Re1 Qf8 (64... Qe8 $142) 65. Ka3 $18 ({Don't play} 65. Bxe4 $6 Qe8 66. Qf1 Bxa4+ (66... Nxe4 $2 {too greedy.} 67. Qf4 $18) 67. Kb2 Bd7 (67... Nxe4 $2 {is the wrong capture.} 68. Qg2 $18)) 65... Qh8 66. Bxe4 Qh3 67. Kb2 Qh7 68. Bc2 Qg7 69. Re6 Nf7 $2 (69... Qf8 70. Qg3 Nh7) 70. g5 $18 Qxg5 71. Qxg5 fxg5 72. f6 Ne5 73. Rxe5 1-0

[Event "GRENKE Chess Classic 2024"]
[Site "Karlsruhe"]
[Date "2024.03.31"]
[Round "9.3"]
[White "Rapport, Richard"]
[Black "Vachier-Lagrave, Maxime"]
[Result "1/2-1/2"]
[ECO "D30"]
[WhiteElo "2720"]
[BlackElo "2728"]
[Annotator "TA"]
[PlyCount "88"]
[EventDate "2024.03.26"]
[EventType "tourn"]
[EventCountry "GER"]
[SourceTitle "playchess.com"]
[Source "ChessBase"]
[SourceQuality "1"]
[TimeControl "2700+10"]

1. d4 Nf6 2. c4 e6 3. Nf3 d5 4. Bg5 h6 5. Bxf6 Qxf6 6. Nc3 Bb4 7. e3 O-O 8. Rc1 c6 9. Bd3 Nd7 10. O-O Qe7 11. a3 Bd6 12. c5 Bc7 {[%emt 0:00:04] White has an edge.} 13. e4 dxe4 14. Bxe4 e5 15. Re1 Qd8 16. Bb1 exd4 $1 17. Qd3 g6 18. Ba2 Kh7 19. Qxd4 (19. Nxd4 Nxc5 20. Qe3 Bb6 $17) 19... Ne5 $1 20. Qxd8 Nxf3+ 21. gxf3 Bxd8 22. Ne4 Bh3 23. Nd6 Bg5 24. Rcd1 {[%emt 0:01:38] Inhibits Bd2.} Kg7 25. f4 Bxf4 26. Re7 $1 b6 27. Rd3 Bxd6 28. cxd6 Bf5 29. Rc3 {[%emt 0:00:57] [#]} (29. Rd1 $11) 29... c5 $1 $17 30. b4 Rad8 ({Black should try} 30... cxb4 $17 31. axb4 Rad8) 31. bxc5 $11 {[%emt 0:00:13] The position is equal.} bxc5 32. Rxc5 Rxd6 {[%emt 0:00:01] next ...Rd1+ is good for Black.} 33. Rcc7 $1 Kf6 34. Rxf7+ Rxf7 35. Rxf7+ {[%emt 0:00:02][%mdl 4096] Endgame. KRB-KRB} Kg5 36. Rxa7 Be4 37. Bb3 {[%emt 0:01:41] Dodges Rd1+} Rc6 38. Rd7 Bf3 39. h3 h5 40. Kh2 Rc1 41. Bd5 Rd1 42. Be6 {[%emt 0:00:02] [#] Kg3 would now be deadly.} Ra1 {[%emt 0:00:45][%cal Oh5h4] ( -> ...h4!)} 43. Bd5 Rd1 44. Be6 {[%emt 0:00:01] aiming for Kg3.} Ra1 {[%emt 0:00:15] Weighted Error Value: White=0.08 (flawless) /Black=0.06 (flawless) .  Mistake:       	White=1     	Black=1      Inaccurate:     	White=1     	---        OK:         	White=17    	Black=10     Best:        	White=2     	Black=1      Strong:       	White=2     	Black=3} 1/2-1/2

[Event "GRENKE Chess Classic 2024"]
[Site "Karlsruhe"]
[Date "2024.03.31"]
[Round "10.1"]
[White "Fridman, Daniel"]
[Black "Rapport, Richard"]
[Result "1/2-1/2"]
[ECO "E17"]
[WhiteElo "2590"]
[BlackElo "2720"]
[Annotator "TA"]
[PlyCount "161"]
[EventDate "2024.03.26"]
[EventType "tourn"]
[EventCountry "GER"]
[SourceTitle "playchess.com"]
[Source "ChessBase"]
[SourceQuality "1"]
[TimeControl "2700+10"]

1. d4 Nf6 2. Nf3 b6 3. g3 Bb7 4. Bg2 e6 5. c4 Be7 6. O-O O-O 7. Re1 a5 8. Bf4 d6 9. Nc3 Ne4 {[%emt 0:00:04] Weiß hat minimalen Vorteil.} 10. Na4 Ra7 11. Rc1 Nd7 12. Nd2 Nxd2 13. Qxd2 (13. Bxd2 {vereinfacht} Bxg2 14. Kxg2 e5 15. Be3) 13... Bxg2 14. Kxg2 e5 15. dxe5 dxe5 16. Red1 Qa8+ 17. f3 {Aktives Gegenspiel!} Rd8 {[%emt 0:03:16][%cal Od7c5] Zielt auf ...Nc5! ab.} 18. Bg5 f6 {[%emt 0:06:04][%cal Od7c5] Droht stark ...Nc5!} (18... Nc5 $5 19. Bxe7 (19. Qxd8+ Qxd8 20. Rxd8+ Bxd8 $11) 19... Rxd2 20. Rxd2 Nxa4 $18) 19. Be3 e4 {[%emt 0:00:23] Und jetzt ...Ne5 wäre schön.} 20. Qd5+ Qxd5 21. cxd5 exf3+ 22. exf3 Rb7 23. Nc3 Bc5 24. Bxc5 Nxc5 25. Ne4 Kf7 26. Nxc5 bxc5 $16 {[%emt 0:00:02][%mdl 4096] Endspiel. KRR-KRR} 27. b3 Rb5 28. Rd3 (28. a4 $14 Rxb3 29. Rd2) 28... a4 $1 $11 29. bxa4 Ra5 30. Rc4 Rd6 31. Rb3 Rxd5 32. Rb7 Rd7 33. Rb5 Rxb5 34. axb5 {[%emt 0:00:02] KR-KR} Rd2+ 35. Kh3 Rxa2 36. Rxc5 Ra7 37. Kg4 Ke6 38. Rh5 Kf7 39. Rxh7 c6 40. bxc6 Rc7 41. Rh8 Rxc6 42. h4 Rc4+ 43. f4 Rc3 44. h5 Ra3 (44... f5+ $14 45. Kh4 Rc1) 45. Rb8 Rc3 46. Kh4 Rf3 47. Rb4 ({Besser ist} 47. Rb5 $16) 47... Rf1 48. Ra4 Kg8 49. Kg4 Rh1 50. Ra5 Kh7 51. Kf3 Rf1+ 52. Kg2 Rb1 53. g4 Rb3 54. Ra7 Rc3 55. Re7 Ra3 56. Kf2 Kh6 57. Re8 ({Vorzuziehen ist} 57. f5 $1 $16) 57... Kh7 (57... Ra2+ $11 58. Kg3 Ra3+ 59. Kh4 g5+ 60. hxg6 Kxg6) 58. Re3 Ra8 59. Kg3 Ra4 60. Kf3 Ra8 61. Rd3 Re8 62. Rd7 Kh6 63. Rd6 Kh7 64. g5 (64. Ra6 $16) 64... fxg5 65. fxg5 Ra8 66. Re6 Kg8 {[%emt 0:00:31] [#]} (66... Ra1 $11) 67. Kf4 (67. g6 $1 $16) 67... Ra4+ {[%emt 0:00:42] [#]} (67... Kh7 $11 {hält das Gleichgewicht.}) 68. Re4 $1 $16 Ra8 69. Kf5 (69. g6 $16) 69... Ra5+ {[%emt 0:00:02] Die Stellung ist ausgeglichen.} 70. Re5 g6+ $1 71. hxg6 (71. Kxg6 Rxe5 72. Kf6 Rb5 $19) 71... Ra6 72. Re6 Ra1 73. Re8+ Kg7 74. Re7+ Kg8 75. g7 Ra6 76. Rb7 Rc6 77. Kg4 Rc1 78. Kh5 Rc6 79. g6 Rc5+ 80. Kh6 Rh5+ 81. Kxh5 {[%emt 0:00:02] Gewichteter Fehlerwert: Weiß=0.12 (sehr präzise) /Schwarz=0.12 (sehr präzise) .  Fehler:       	Weiß=6     	Schwarz=4     Ungenau:       	Weiß=6     	Schwarz=8     OK:         	Weiß=25    	Schwarz=26    Bester:       	---       	Schwarz=5     Stark:        	Weiß=1     	Schwarz=2} 1/2-1/2

[Event "GRENKE Chess Classic 2024"]
[Site "Karlsruhe"]
[Date "2024.03.31"]
[Round "10.2"]
[White "Vachier-Lagrave, Maxime"]
[Black "Carlsen, Magnus"]
[Result "1/2-1/2"]
[ECO "A05"]
[WhiteElo "2728"]
[BlackElo "2830"]
[Annotator "TA"]
[PlyCount "84"]
[EventDate "2024.03.26"]
[EventType "tourn"]
[EventCountry "GER"]
[SourceTitle "playchess.com"]
[Source "ChessBase"]
[SourceQuality "1"]
[TimeControl "2700+10"]

1. Nf3 Nf6 2. g3 b6 3. Bg2 Bb7 4. b3 g6 5. Bb2 Bg7 6. c4 O-O 7. d4 e6 8. O-O Na6 9. Nc3 d5 10. e3 c5 11. Qe2 Qe7 12. cxd5 exd5 13. Rfd1 Rfd8 14. Rac1 Nc7 (14... Rac8 $11 {is more appropriate.}) 15. Ba3 ({White should play} 15. dxc5 $14 bxc5 16. h4) 15... Ne4 $11 {[%emt 0:00:14] The position is equal.} 16. Nxe4 dxe4 17. Nd2 Ba6 18. Qe1 Nb5 19. Bb2 cxd4 20. Nxe4 Bb7 21. exd4 Nxd4 22. Nf6+ Bxf6 23. Qxe7 Bxe7 24. Rxd4 (24. Bxb7 $2 {is the wrong capture.} Ne2+ 25. Kg2 Nxc1 26. Rxc1 Rab8 $19) 24... Rxd4 25. Bxd4 Rc8 26. Rxc8+ Bxc8 {[%emt 0:00:01][%mdl 4096] Endgame. KBB-KBB} 27. Bd5 Kf8 28. f4 Bc5 29. Bxc5+ bxc5 {[%emt 0:00:01] KB-KB} 30. Kf2 Ke7 31. Ke3 f6 32. Be4 Kd6 33. Kd2 Be6 34. Kc3 Bf7 35. a3 a5 36. b4 cxb4+ 37. axb4 axb4+ 38. Kxb4 h6 39. Kc3 Kc5 40. h4 g5 41. hxg5 hxg5 42. fxg5 fxg5 {[%emt 0:00:02] Weighted Error Value: White=0.04 (flawless) /Black=0.03 (flawless) .  Mistake:       	White=1     	Black=1      OK:         	White=10    	Black=15     Best:        	White=1     	Black=1} 1/2-1/2

[Event "GRENKE Chess Classic 2024"]
[Site "Karlsruhe"]
[Date "2024.03.31"]
[Round "10.3"]
[White "Keymer, Vincent"]
[Black "Ding, Liren"]
[Result "1-0"]
[ECO "A06"]
[WhiteElo "2738"]
[BlackElo "2762"]
[Annotator "TA"]
[PlyCount "61"]
[EventDate "2024.03.26"]
[EventType "tourn"]
[EventCountry "GER"]
[SourceTitle "playchess.com"]
[Source "ChessBase"]
[SourceQuality "1"]
[TimeControl "2700+10"]

1. Nf3 d5 2. g3 Nf6 3. Bg2 g6 4. c4 dxc4 5. Qa4+ Nfd7 6. h4 Nc6 7. Qxc4 Bg7 8. Nc3 {[%emt 0:02:41] The position is equal.} Nb6 9. Qb3 h6 10. d3 O-O 11. O-O e5 12. Ne4 a5 13. Bd2 Bg4 14. Qd1 Nd5 15. Rc1 Nd4 16. Nxd4 exd4 17. Qb3 c6 18. Qxb7 Bxe2 (18... Rb8 $1 $14 19. Qxc6 Rxb2 (19... Bxe2 20. Rfe1 $16)) 19. Rfe1 $16 Bxd3 {[%emt 0:00:03] [#]} 20. Nc5 $1 Rb8 21. Qxc6 {[%emt 0:03:40] White has more active pieces.} Rxb2 $2 {[%emt 0:00:06] This costs Black the game.} (21... Nb4 $16 22. Bxb4 Bb5) 22. Bxd5 $18 (22. Nxd3 Rxd2 23. Bxd5 Rxd3 $16) 22... Bb5 {[%emt 0:03:07] [#]} (22... Rxd2 23. Nd7 (23. Nxd3 Rxd3 24. Bxf7+ Kh8 $16) 23... Kh7 24. Nxf8+ Bxf8 25. Bxf7 $18) 23. Qb7 d3 24. Ne6 {[%emt 0:09:33] White is clearly winning.} fxe6 (24... Qb8 $142) 25. Rxe6 (25. Bxe6+ Kh8 26. Rc7 (26. Rc8 Qf6 $15) 26... Bc6 (26... Rxd2 $2 27. Rxg7 $18) 27. Qxc6 Rxd2 $11) 25... Kh8 26. Rxg6 Bd7 27. Rxh6+ Bxh6 28. Qxb2+ Bg7 29. Bc3 Bxc3 30. Qxc3+ Qf6 31. Be4 {[%emt 0:00:22] Weighted Error Value: White=0.16 (very precise) /Black=0.27 (precise) .  Loses game:     	---       	Black=1      Mistake:       	---       	Black=2      Inaccurate:     	White=4     	Black=4      OK:         	White=8     	Black=7      Best:        	White=4     	Black=1      Strong:       	White=1     	---} ({Not} 31. Qxa5 Qxf2+ 32. Kh1 Qxg3 33. Qc3+ Kh7 34. Be4+ Kh6 35. Qd2+ Rf4 36. Bxd3 Be6 $11 (36... Qxh4+ 37. Qh2 $11)) 1-0